 Dungeon Crawl Stone Soup version 0.16-a0-1218-g8731af7 (webtiles) character file.

4193 schistosoma the Grappler (level 10, -15/72 HPs)
             Began as an Octopode Berserker on Oct 29, 2014.
             Was a High Priest of Trog.
             Killed from afar by Dowan (24 damage)
             ... with a shard of ice
             ... on level 8 of the Dungeon on Oct 30, 2014.
             The game lasted 00:35:52 (7948 turns).

schistosoma the Grappler (Octopode Berserker)       Turns: 7948, Time: 00:35:53

Health: -15/72     AC:  1    Str: 19    XL:     10   Next: 29%
Magic:  10/10      EV: 14    Int:  9    God:    Trog [*****.]
Gold:   448        SH:  0    Dex: 13    Spells: 0 memorised, 9 levels left

rFire  . . .     SeeInvis .       - Unarmed
rCold  . . .     Clarity  .     (no shield)
rNeg   + . .     SustAb   .     (helmet restricted)
rPois  .         Gourm    .     C - amulet of warding
rElec  .         Spirit   .     b - ring of stealth
rCorr  .         Warding  +     (no ring)
rMut   .         Stasis   .     (no ring)
MR     .....                    (no ring)
Stlth  ++++++....               (no ring)
                                (no ring)
                                (no ring)
                                (no ring)

@: exhausted, not resistant to hostile enchantments, very stealthy
A: almost no armour, amphibious, 8 rings, constrict 8, camouflage 1, gelatinous
body 1
a: Burn Spellbooks, Berserk, Trog's Hand, Brothers in Arms, Renounce Religion


You were on level 8 of the Dungeon.
You worshipped Trog.
Trog was extremely pleased with you.
You were not hungry.

You visited 2 branches of the dungeon, and saw 9 of its levels.

You collected 448 gold pieces.

Inventory:

Hand weapons
 a - a +0 blowgun
Missiles
 d - 6 steel tomahawks (quivered)
 s - 4 curare-tipped needles
 x - 15 poisoned needles
Jewellery
 b - a ring of stealth (left tentacle)
 C - an amulet of warding (around mantle)
Magical devices
 m - a wand of digging (6)
 o - a wand of slowing (17)
 v - a wand of frost (26)
 y - a wand of flame (35)
 F - a wand of frost (36)
 G - a wand of enslavement (11)
Scrolls
 c - 6 scrolls of recharging
 e - 5 scrolls of teleportation
 f - a scroll of magic mapping
 g - a scroll of noise
 i - a scroll of blinking
 l - 6 scrolls of identify
 p - 2 scrolls of remove curse
 w - a scroll of immolation
Potions
 h - a potion of restore abilities
 j - 2 potions of magic
 k - 2 potions of haste {unknown}
 n - a potion of beneficial mutation {unknown}
 q - a potion of decay {unknown}
 r - 3 potions of curing
 t - a potion of might
 z - a potion of heal wounds
 A - a potion of poison {unknown}
 B - 2 potions of confusion {unknown}
Comestibles
 u - 4 bread rations
 D - a rotting chunk of iguana flesh
 E - a slice of pizza


   Skills:
 + Level 7.9 Fighting
 - Level 3.2 Throwing
 - Level 5.0 Dodging
 - Level 7.3 Stealth
 * Level 12.1 Unarmed Combat


You had 9 spell levels left.
You didn't know any spells.

Dungeon Overview and Level Annotations

Branches:
Dungeon (8/15)             Temple (1/1) D:7
   Lair: D:8-11

Altars:
Ashenzari
Cheibriados
Elyvilon
Fedhas
Gozag
Kikubaaqudgha
Makhleb
Nemelex Xobeh
Okawaru
Qazlal
Ru
Sif Muna
Trog
Vehumet
Xom
Yredelemnul
Zin
The Shining One
Lugonu

Annotations:
D:5 exclusion: downstairs
D:8 Dowan


Innate Abilities, Weirdness & Mutations

You cannot wear most types of armour.
You are amphibious.
You can wear up to eight rings at the same time.
You can use your tentacles to constrict many enemies at once.
Your skin changes colour to match your surroundings (Stealth).
Your rubbery body absorbs attacks (AC +1).


Message History

The shard of ice misses you.
Dowan points at you and mumbles some strange words.
The stone arrow misses you. Dowan hits your ogre with a dagger.
Your ogre barely misses Dowan.
Dowan hits your ogre with a dagger. Dowan barely misses your ogre.
You see here a short sword.
Your ogre closely misses Dowan.
Dowan hits your ogre with a dagger.
Your ogre closely misses Dowan.
Dowan mumbles some strange words.
Dowan blinks!
Your ogre closely misses Dowan.
Dowan hits you with a dagger.
* * * LOW HITPOINT WARNING * * *
You barely miss Dowan. Your grab misses Dowan.
You squeeze Dowan, but do no damage.
Dowan is lightly wounded.
Your ogre closely misses Dowan.
Dowan casts a spell at you. The shard of ice hits you!
You die...

.. .....###########
#................#
...#...##.........###
.....#.##...........#
......##....O....# .
#....##....@e.).##
...####.#<.#...)...).)#
.........#.##########(#
#.).....).# #.###
#.........######...#####
#......(...............e.S.
#.........#....###....##..
#........................
######..##...........e....


You could see Dowan and a friendly ogre (berserk).

Vanquished Creatures
  Pikel (D:8)
  4 yaks (D:7)
  Eustachio (D:5)
  2 hippogriffs (D:8)
  Duvessa (D:8)
  2 sky beasts
  2 orc warriors
  2 ogres (D:7)
  A centaur (D:6)
  2 gnoll sergeants
  Blork the orc (D:5)
  5 big kobolds
  A scorpion (D:6)
  A hippogriff zombie (D:5)
  A wight (D:8)
  5 electric eels (D:6)
  3 goliath beetles
  2 crimson imps
  6 hounds
  A giant frog skeleton (D:4)
  6 orc wizards
  A black bear skeleton (D:5)
  2 orc priests (D:4)
  An iguana (D:8)
  10 worker ants
  14 gnolls
  5 adders
  A shadow imp (D:6)
  A giant mite (D:5)
  5 worms
  9 giant geckos
  An ooze (D:4)
  26 orcs
  3 ball pythons
  9 bats
  A bat skeleton (D:5)
  A bat zombie (D:6)
  7 giant cockroaches
  11 hobgoblins
  50 kobolds
  4 quokkas
  A giant gecko skeleton (D:7)
  A giant newt (D:2)
  7 goblins
  A goblin skeleton (D:4)
  A hobgoblin skeleton (D:4)
  13 jackals
  8 rats
  A ballistomycete (D:8)
245 creatures vanquished.

Vanquished Creatures (others)
  3 slaves (D:8)
  A centaur (D:8)
  A giant frog (D:8)
  An adder (D:8)
  A giant spore (D:8)
7 creatures vanquished.

Grand Total: 252 creatures vanquished

Notes
Turn   | Place    | Note
--------------------------------------------------------------
     0 | D:1      | schistosoma, the Octopode Berserker, began the quest for the Orb.
     0 | D:1      | Reached XP level 1. HP: 16/16 MP: 1/1
   351 | D:1      | Reached XP level 2. HP: 18/21 MP: 2/2
   496 | D:1      | Reached skill level 4 in Unarmed Combat
   954 | D:2      | Found a shimmering altar of Xom.
   962 | D:2      | Reached skill level 1 in Stealth
   962 | D:2      | Reached XP level 3. HP: 21/26 MP: 3/3
  1033 | D:2      | Acquired Trog's second power
  1276 | D:3      | Reached XP level 4. HP: 27/31 MP: 4/4
  1434 | D:3      | Reached skill level 5 in Unarmed Combat
  1484 | D:3      | Found a sparkling altar of Nemelex Xobeh.
  1495 | D:3      | Found a white marble altar of Elyvilon.
  1957 | D:3      | Found an iron altar of Okawaru.
  1957 | D:3      | Found a blossoming altar of Fedhas.
  2068 | D:2      | Reached XP level 5. HP: 30/36 MP: 5/5
  2130 | D:4      | Reached skill level 6 in Unarmed Combat
  2516 | D:4      | Reached XP level 6. HP: 29/42 MP: 6/6
  2634 | D:4      | Found a basalt altar of Yredelemnul.
  2652 | D:4      | Reached skill level 7 in Unarmed Combat
  3265 | D:5      | Entered Level 5 of the Dungeon
  3271 | D:5      | Found a snail-covered altar of Cheibriados.
  3290 | D:5      | Noticed Eustachio
  3302 | D:5      | Killed Eustachio
  3302 | D:5      | Reached skill level 5 in Stealth
  3302 | D:5      | Reached XP level 7. HP: 24/46 MP: 7/7
  3360 | D:5      | Reached skill level 8 in Unarmed Combat
  3370 | D:5      | HP: 2/46 [worker ant (6)]
  3581 | D:5      | Noticed Blork the orc
  3589 | D:5      | Killed Blork the orc
  3624 | D:5      | Found a sacrificial altar of Ru.
  3819 | D:5      | Found a stormy altar of Qazlal.
  4123 | D:5      | Reached XP level 8. HP: 44/52 MP: 8/8
  4175 | D:5      | Found an opulent altar of Gozag.
  4277 | D:5      | Acquired Trog's third power
  4301 | D:5      | Found a sparkling altar of Nemelex Xobeh.
  4398 | D:5      | Reached skill level 9 in Unarmed Combat
  5429 | D:6      | Found a radiant altar of Vehumet.
  5430 | D:6      | Found a burning altar of Makhleb.
  5530 | D:6      | Reached skill level 1 in Throwing
  5534 | D:6      | Reached skill level 5 in Fighting
  5665 | D:6      | Reached XP level 9. HP: 46/61 MP: 9/9
  5820 | D:6      | Received a gift from Trog
  5897 | D:6      | Received a gift from Trog
  6498 | D:7      | Reached skill level 5 in Dodging
  6678 | D:7      | Reached skill level 10 in Unarmed Combat
  6746 | D:7      | Found a staircase to the Ecumenical Temple.
  6763 | Temple   | Entered the Ecumenical Temple
  7313 | D:7      | Reached skill level 11 in Unarmed Combat
  7623 | D:8      | Noticed Pikel
  7647 | D:8      | Killed Pikel
  7647 | D:8      | Reached XP level 10. HP: 44/72 MP: 10/10
  7881 | D:8      | Reached skill level 12 in Unarmed Combat
  7918 | D:8      | Noticed Duvessa
  7926 | D:8      | Noticed Dowan
  7939 | D:8      | Killed Duvessa
  7948 | D:8      | Killed from afar by Dowan

Action                   |  1- 3 |  4- 6 |  7- 9 | 10-12 || total
-------------------------+-------+-------+-------+-------++-------
Melee: Unarmed           |    63 |    98 |   280 |    28 ||   469
 Fire: Blowgun           |       |       |     7 |       ||     7
Throw: Tomahawk          |       |       |     1 |       ||     1
Invok: Berserk           |       |     2 |     8 |     1 ||    11
       Trog's Hand       |       |     1 |     8 |       ||     9
       Brothers in Arms  |       |       |       |     1 ||     1
Evoke: Wand              |       |       |       |     2 ||     2
  Use: Scroll            |       |       |    10 |       ||    10
       Potion            |       |       |     7 |     4 ||    11
 Stab: Sleeping          |     3 |     8 |    18 |       ||    29
       Distracted        |       |       |     2 |     2 ||     4
  Eat: Chunk             |       |     8 |     7 |     3 ||    18
       Pizza             |       |       |     2 |       ||     2
       Royal jelly       |       |       |     1 |       ||     1
       Beef jerky        |       |       |     1 |       ||     1
       Meat ration       |       |       |     1 |       ||     1
       Bread ration      |       |       |     1 |       ||     1
       Fruit             |       |       |     1 |       ||     1
